 Dungeon Crawl Stone Soup version 0.30-a0-1112-gfb780f5df6 (webtiles) character file.

Game seed: 2709487306534861922

659 sanka the Slasher (level 7, 0/55 HPs)
             Began as a Merfolk Gladiator on Apr 19, 2023.
             Succumbed to a scorpion's poison
             ... on level 5 of the Dungeon.
             The game lasted 00:05:59 (4052 turns).

sanka the Slasher (Merfolk Gladiator)               Turns: 4052, Time: 00:06:00

Health: 0/55       AC:  4    Str: 15    XL:     7   Next: 55%
Magic:  7/7        EV: 15    Int:  7    God:
Gold:   229        SH:  0    Dex: 17    Spells: 6/6 levels left

rFire   . . .      SeeInvis .    a - +0 long sword
rCold   . . .      Faith    .    (no shield)
rNeg    . . .      Spirit   .    b - +0 leather armour
rPois   .          Reflect  .    c - +0 helmet
rElec   .          Rampage  .    (no cloak)
rCorr   .                        (no gloves)
Will    .....                    (no boots)
Stlth   +                        (no amulet)
HPRegen 0.29/turn                (no ring)
MPRegen 0.10/turn                (no ring)

@: brilliant, lethally poisoned (0 -> -6)
A: (nimble swimmer 2), mertail
a: no special abilities


You were on level 5 of the Dungeon.
You visited 1 branch of the dungeon, and saw 5 of its levels.

You collected 229 gold pieces.


Innate Abilities, Weirdness & Mutations

((You are very nimble when in or above water. (Stealth+, EV+, Speed+++)))
Your lower body shifts to a powerful aquatic tail in water.


   Skills:
 + Level 4.8 Fighting
 * Level 7.7 Long Blades
 - Level 2.0 Throwing
 + Level 6.5 Dodging


You had 6 spell levels left.
You didn't know any spells.
Your spell library contained the following spells:

 Spells                   Type           Power      Damage    Failure   Level
 Summon Small Mammal      Summ           0%         N/A       50%         1
 Sublimation of Blood     Necr           0%         N/A       65%         2
 Call Canine Familiar     Summ           0%         N/A       86%         3
 Summon Guardian Golem    Hex/Summ       0%         N/A       86%         3
 Petrify                  Tmut/Erth      0%         N/A       99%         4
 Irradiate                Conj/Tmut      0%         3d11      100%        5

Inventory:

Hand Weapons
 a - a +0 long sword (weapon)
Missiles
 d - 5 throwing nets {=f}
 e - a javelin
 t - 3 poisoned darts (quivered)
Armour
 b - a +0 leather armour (worn)
 c - a +0 helmet (worn)
Wands
 u - a wand of paralysis (12)
Scrolls
 g - 3 scrolls of teleportation {unknown}
 i - a scroll of amnesia {unknown}
 k - 4 scrolls of poison {unknown}
 n - a scroll of brand weapon {unknown}
 q - a scroll of identify {unknown}
 s - a scroll of magic mapping {unknown}
Potions
 f - 3 potions of degeneration {unknown}
 h - a potion of invisibility {unknown}
 j - 3 potions of brilliance
 l - 3 potions of attraction {unknown}
 m - a potion of magic {unknown}
 o - a potion of haste {unknown}
 p - a potion of heal wounds {unknown}
 r - 2 potions of lignification {unknown}

Dungeon Overview and Level Annotations

Branches:
Dungeon (5/15)
 Temple: D:4-7

Altars:
Hepliaklqana
Trog
Uskayaw
Vehumet
The Shining One

Shops:
D:1 [ D:2

= ▒.........▒
+.........+
......... .......
..(.. ... ▒s▒ ▒m▒
▒.▒ ▒▒.▒▒▒
▒▒▒▒▒....▒▒
...........▒▒▒▒▒▒▒.
▒▒▒▒▒▒..)..<.......
▒▒....▒▒▒▒▒▒▒▒
▒▒▒.▒▒ ▒▒▒


You could see a scorpion.


Message History

The black bear barely misses you. The black bear closely misses you.
The black bear misses you. The black bear claws you.
* * * LOW HITPOINT WARNING * * *
You barely miss the black bear.
The black bear is almost dead.
The black bear bites you but does no damage.
The black bear claws you.
* * * LOW HITPOINT WARNING * * *
The black bear closely misses you.
You hit the black bear.
You kill the black bear!
Unknown command.
Throw: 4 darts (poison)
Aim: a scorpion (63% to hit)
You throw a poisoned dart.
The poisoned dart closely misses the scorpion.
The scorpion stings you.
* * * LOW HITPOINT WARNING * * *
You are lethally poisoned!
The scorpion poisons you! The scorpion closely misses you.
Unknown command.
Aiming: Paralyse
Aim: a scorpion (chance to affect: 49%)
Okay, then.
It was a potion of brilliance.
You feel clever all of a sudden.
You die...

Action                     |  1- 3 |  4- 6 |  7- 9 || total
---------------------------+-------+-------+-------++-------
  Melee: Long sword        |   111 |   188 |    19 ||   318
         Punch             |     1 |     2 |     1 ||     4
  Throw: Dart              |       |     7 |     2 ||     9
    Use: Potion            |       |       |     1 ||     1
   Stab: Sleeping          |     2 |       |       ||     2
 Armour: Leather armour    |    28 |    56 |     9 ||    93
  Dodge: Dodged            |    98 |   199 |    28 ||   325

Levels and vault maps discovered:
D:1:      dpeg_arrival_simpleton_c, layout_rooms, serial_shops,
          nicolae_diamond_shop
D:2:      layout_basic, serial_shops, nicolae_shop_gaudy_bauble,
          shapermc_ecumenical_altar_acropolis, minmay_curled_crystal
D:3:      layout_loops_corners, mainiacjoe_overflow_brackets,
          jmf_multi_god_temple, minmay_surrounded, uniq_jessica
D:4:      layout_gridville, tso_metal_star, eat_drink_and_be_merry_uskayaw,
          corexii_hall_statues_i
D:5:      layout_loops_corners, mainiacjoe_overflow_six_doors_small,
          amcnicky_altar_gilded, elyvilon_altar_5,
          minmay_temple_entry_drinking_statues, gup_sewer_entry_bowl, uniq_pikel

Notes
Turn   | Place    | Note
-------+----------+-------------------------------------------
     0 | D:1      | sanka the Merfolk Gladiator began the quest for the Orb.
     0 | D:1      | Reached XP level 1. HP: 16/16 MP: 1/1
    34 | D:1      | Found Ryty's Armour Shop.
    76 | D:1      | Reached skill level 4 in Long Blades
    76 | D:1      | Reached XP level 2. HP: 16/23 MP: 2/2
   173 | D:1      | Reached XP level 3. HP: 23/28 MP: 3/3
   697 | D:2      | Found Ebeivao's Jewellery Emporium.
  1109 | D:2      | Found a faded altar of an unknown god.
  1388 | D:3      | Reached skill level 3 in Fighting
  1388 | D:3      | Reached skill level 5 in Long Blades
  1388 | D:3      | Reached XP level 4. HP: 14/35 MP: 4/4
  1548 | D:3      | Reached skill level 5 in Dodging
  1548 | D:3      | Reached XP level 5. HP: 40/41 MP: 5/5
  1602 | D:3      | Found a hazy altar of Hepliaklqana.
  2040 | D:3      | Found a bloodstained altar of Trog.
  2040 | D:3      | Found a radiant altar of Vehumet.
  2414 | D:3      | Noticed Jessica
  2420 | D:3      | Killed Jessica
  2421 | D:3      | Reached skill level 6 in Long Blades
  2652 | D:4      | Reached XP level 6. HP: 48/48 MP: 6/6
  2805 | D:4      | Reached skill level 4 in Fighting
  3024 | D:4      | Found a glowing golden altar of the Shining One.
  3174 | D:4      | Found a hide-covered altar of Uskayaw.
  3729 | D:4      | Reached skill level 6 in Dodging
  3763 | D:4      | Reached skill level 7 in Long Blades
  3763 | D:4      | Reached XP level 7. HP: 55/55 MP: 7/7
  3957 | D:5      | Entered Level 5 of the Dungeon
  4051 | D:5      | HP: 2/55 [scorpion (6)]
  4052 | D:5      | Succumbed to a scorpion's poison

Vanquished Creatures
  A black bear (D:5)
  An ogre (D:4)
  A centaur (D:5)
  A scorpion (D:4)
  A jelly (D:4)
  A hound (D:3)
  Jessica (D:3)
  An orc wizard (D:4)
  4 gnolls
  7 adders
  A white imp (D:4)
  An ufetubus (D:4)
  2 worms
  4 dart slugs
  7 orcs (D:4)
  10 endoplasms
  A giant cockroach (D:3)
  9 goblins
  6 hobgoblins
  7 jackals (D:4)
  2 quokkas
  11 ball pythons
  5 bats
  3 frilled lizards
  4 kobolds
  7 rats
99 creatures vanquished.
